PIO (24 & UNDER)
SEATTLE RAINIERS @ EAU CLAIRE ESQUIRES
06/23/2023
 
TOP OF THE 1ST
Seattle Rainiers batting - Pitching for Eau Claire Esquires : RHP Brian Hull
Pitching: RHP Brian Hull
Batting: RHB Aaron Holt 0-0: Ball
1-0: Called Strike
1-1: Swinging Strike
1-2: Ball
2-2: Strikes out swinging
Batting: RHB Pedro Rodríguez 0-0: SINGLE (Groundball, 34D)
Batting: LHB Brian Boone 0-0: Ball
1-0: Ball
2-0: Called Strike
2-1: Called Strike
2-2: Strikes out swinging
Batting: SHB Glenn Vadnais 0-0: Called Strike
0-1: Foul Ball, location: 2F
0-2: Foul Ball, location: 2F
0-2: Ball
Wild Pitch!
Pedro Rodríguez to second
1-2: Ball
2-2: Ball
3-2: Strikes out looking
Top of the 1st over - 0 run(s), 1 hit(s), 0 error(s), 1 left on base; Seattle 0 - Eau Claire 0
BOTTOM OF THE 1ST
Eau Claire Esquires batting - Pitching for Seattle Rainiers : RHP Bud Baldwin
Pitching: RHP Bud Baldwin
Batting: RHB Tony Quinn 0-0: Called Strike
0-1: Swinging Strike
0-2: Ball
1-2: Ball
2-2: Strikes out looking
Batting: LHB Michael Cook 0-0: Ground out 4-3 (Groundball, 4)
Batting: LHB Dave Gray 0-0: Called Strike
0-1: Foul Ball, location: 2F
0-2: Ball
1-2: Fly out, F7 (Flyball, 7LM)
Bottom of the 1st over - 0 run(s), 0 hit(s), 0 error(s), 0 left on base; Seattle 0 - Eau Claire 0
TOP OF THE 2ND
Seattle Rainiers batting - Pitching for Eau Claire Esquires : RHP Brian Hull
Batting: RHB Chris Parker 0-0: Swinging Strike
0-1: Ball
1-1: Called Strike
1-2: Foul Ball, location: 2F
1-2: DOUBLE (Line Drive, 7LM)
Batting: RHB Alejandro Ramos 0-0: Called Strike
0-1: Ball
1-1: Ground out 5-3 (Groundball, 5L)
Batting: LHB Juan Viera 0-0: Called Strike
0-1: Ball
1-1: Ball
2-1: SINGLE (Line Drive, 6MD)
Chris Parker to third
Runner from 3rd tries for Home, SAFE, no throw or cutoff
Batting: SHB Francisco Lópes 0-0: Called Strike
0-1: Ball
1-1: Fly out, F7 (Line Drive, 7S)
Batting: RHB Bill Dawson 0-0: Ball
1-0: Foul Ball, location: 2F
1-1: Foul Ball, location: 2F
1-2: Ball
Juan Viera steals 2nd base
2-2: Ball
Wild Pitch!
Juan Viera to third
3-2: Fly out, F8 (Flyball, 8LM)
Top of the 2nd over - 1 run(s), 2 hit(s), 0 error(s), 1 left on base; Seattle 1 - Eau Claire 0
BOTTOM OF THE 2ND
Eau Claire Esquires batting - Pitching for Seattle Rainiers : RHP Bud Baldwin
Batting: SHB Víctor Serrano 0-0: Foul Ball, location: 2F
0-1: Foul Ball, location: 2F
0-2: Fly out, F9 (Line Drive, 9S)
Batting: RHB Eric Fuller 0-0: Called Strike
0-1: Ground out 6-3 (Groundball, 6M)
Batting: RHB Carlos Rea 0-0: Called Strike
0-1: Ball
1-1: Ball
2-1: Ball
3-1: Base on Balls
Batting: RHB Herb Bunch 0-0: Called Strike
0-1: Ball
1-1: Swinging Strike
1-2: Ball
2-2: Strikes out swinging
Bottom of the 2nd over - 0 run(s), 0 hit(s), 0 error(s), 1 left on base; Seattle 1 - Eau Claire 0
TOP OF THE 3RD
Seattle Rainiers batting - Pitching for Eau Claire Esquires : RHP Brian Hull
Batting: RHB Aaron Holt 0-0: Ball
1-0: Called Strike
1-1: Foul Ball, location: 2F
1-2: Fly out, F9 (Line Drive, 89M)
Batting: RHB Pedro Rodríguez 0-0: Called Strike
0-1: Called Strike
0-2: Strikes out swinging
Batting: LHB Brian Boone 0-0: Ball
1-0: Called Strike
1-1: Foul Ball, location: 2F
1-2: Strikes out swinging
Top of the 3rd over - 0 run(s), 0 hit(s), 0 error(s), 0 left on base; Seattle 1 - Eau Claire 0
BOTTOM OF THE 3RD
Eau Claire Esquires batting - Pitching for Seattle Rainiers : RHP Bud Baldwin
Batting: LHB Edwin Ryan 0-0: Called Strike
0-1: Ball
1-1: Ball
2-1: Ball
3-1: SINGLE (Groundball, 34D)
Batting: SHB Tim Johnson 0-0: Ball
1-0: SINGLE (Line Drive, 78S)
Edwin Ryan to second
Batting: RHB Tony Quinn 0-0: Ball
1-0: Ball
2-0: Called Strike
2-1: Fly out, F8 (Flyball, 8RM)
Batting: LHB Michael Cook 0-0: Called Strike
0-1: Foul Ball, location: 2F
0-2: Ball
1-2: Foul Ball, location: 2F
1-2: Ball
2-2: Ball
3-2: Strikes out looking
Batting: LHB Dave Gray 0-0: Ball
1-0: Ball
2-0: Called Strike
2-1: Fly out, F7 (Flyball, 7S)
Bottom of the 3rd over - 0 run(s), 2 hit(s), 0 error(s), 2 left on base; Seattle 1 - Eau Claire 0
TOP OF THE 4TH
Seattle Rainiers batting - Pitching for Eau Claire Esquires : RHP Brian Hull
Batting: SHB Glenn Vadnais 0-0: Ball
1-0: Ball
2-0: Called Strike
2-1: Foul Ball, location: 2F
2-2: Ball
3-2: Base on Balls
Batting: RHB Chris Parker 0-0: Ball
1-0: Ball
2-0: SINGLE (Flyball, 8RS)
Glenn Vadnais to second
Runner from 2nd tries for 3rd, SAFE, no throw or cutoff
Batting: RHB Alejandro Ramos 0-0: Ball
1-0: Swinging Strike
1-1: Foul Ball, location: 2F
1-2: Strikes out swinging
Batting: LHB Juan Viera 0-0: Ball
1-0: Ball
2-0: Ball
3-0: Called Strike
3-1: Foul Ball, location: 2F
3-2: Strikes out swinging
Chris Parker steals 2nd base
Batter strikes out.
Batting: SHB Francisco Lópes 0-0: Swinging Strike
0-1: Ground out 6-3 (Groundball, 6M)
Top of the 4th over - 0 run(s), 1 hit(s), 0 error(s), 2 left on base; Seattle 1 - Eau Claire 0
BOTTOM OF THE 4TH
Eau Claire Esquires batting - Pitching for Seattle Rainiers : RHP Bud Baldwin
Batting: SHB Víctor Serrano 0-0: Ball
1-0: Swinging Strike
1-1: SINGLE (Line Drive, 56D)
Batting: RHB Eric Fuller 0-0: Foul Ball, location: 2F
0-1: Ball
1-1: Ball
2-1: Foul Ball, location: 2F
2-2: Ball
3-2: Grounds into double play, 6-4-3 (Groundball, 6)
Batting: RHB Carlos Rea 0-0: Ball
1-0: Called Strike
1-1: Called Strike
1-2: Ground out 4-3 (Groundball, 4)
Bottom of the 4th over - 0 run(s), 1 hit(s), 0 error(s), 0 left on base; Seattle 1 - Eau Claire 0
TOP OF THE 5TH
Seattle Rainiers batting - Pitching for Eau Claire Esquires : RHP Brian Hull
Batting: RHB Bill Dawson 0-0: Ground out 1-3 (Groundball, 13)
Batting: RHB Aaron Holt 0-0: Ball
1-0: SOLO HOME RUN (Flyball, 78XD), Distance : 382 ft
Batting: RHB Pedro Rodríguez 0-0: Ball
1-0: Ball
2-0: Ground out U3 (Groundball, 3)
Batting: LHB Brian Boone 0-0: Ball
1-0: Ground out 4-3 (Groundball, 34)
Top of the 5th over - 1 run(s), 1 hit(s), 0 error(s), 0 left on base; Seattle 2 - Eau Claire 0
BOTTOM OF THE 5TH
Eau Claire Esquires batting - Pitching for Seattle Rainiers : RHP Bud Baldwin
Batting: RHB Herb Bunch 0-0: Ground out 5-3 (Groundball, 5D)
Batting: LHB Edwin Ryan 0-0: Called Strike
0-1: Ball
1-1: Swinging Strike
1-2: Ground out 4-3 (Groundball, 4M)
Batting: SHB Tim Johnson 0-0: Ball
1-0: Foul Ball, location: 2F
1-1: Ball
2-1: SINGLE (Groundball, 4MD)
Batting: RHB Tony Quinn 0-0: Ball
1-0: Ball
2-0: Called Strike
2-1: Called Strike
2-2: Ball
3-2: SINGLE (Groundball, 4)
Tim Johnson to second
Tim Johnson to third
Batting: LHB Michael Cook 0-0: Swinging Strike
0-1: Ball
1-1: Ball
2-1: SINGLE (Line Drive, 89S)
Tim Johnson scores
Tony Quinn to second
Runner from 2nd tries for 3rd, SAFE, throw made to third
Michael Cook to second
Batting: LHB Dave Gray 0-0: Ball
1-0: Ball
2-0: Ball
3-0: Called Strike
3-1: Base on Balls
Batting: SHB Víctor Serrano 0-0: Called Strike
0-1: Ground out 1-3 (Groundball, 2L)
Bottom of the 5th over - 1 run(s), 3 hit(s), 0 error(s), 3 left on base; Seattle 2 - Eau Claire 1
TOP OF THE 6TH
Seattle Rainiers batting - Pitching for Eau Claire Esquires : RHP Brian Hull
Batting: SHB Glenn Vadnais 0-0: Ball
1-0: SINGLE (Groundball, 5S) (infield hit)
Batting: RHB Chris Parker 0-0: Ball
1-0: Fly out, F9 (Flyball, 89M)
Batting: RHB Alejandro Ramos 0-0: Ground out 4-3 (Groundball, 4M)
Glenn Vadnais to second
Batting: LHB Juan Viera 0-0: Ball
1-0: Called Strike
1-1: Ball
2-1: Ball
3-1: Called Strike
3-2: Foul Ball, location: 2F
3-2: Strikes out looking
Top of the 6th over - 0 run(s), 1 hit(s), 0 error(s), 1 left on base; Seattle 2 - Eau Claire 1
BOTTOM OF THE 6TH
Eau Claire Esquires batting - Pitching for Seattle Rainiers : RHP Bud Baldwin
Pitching: RHP Leo MacIntosh
Batting: RHB Eric Fuller 0-0: Called Strike
0-1: Foul Ball, location: 2F
0-2: Strikes out swinging
Batting: RHB Carlos Rea 0-0: Called Strike
0-1: Ground out 4-3 (Groundball, 4M)
Batting: RHB Herb Bunch 0-0: Ball
1-0: Foul Ball, location: 2F
1-1: Foul Ball, location: 2F
1-2: Foul Ball, location: 2F
1-2: Strikes out swinging
Bottom of the 6th over - 0 run(s), 0 hit(s), 0 error(s), 0 left on base; Seattle 2 - Eau Claire 1
TOP OF THE 7TH
Seattle Rainiers batting - Pitching for Eau Claire Esquires : RHP Brian Hull
Pitching: RHP Ignacio Torres
Batting: SHB Francisco Lópes 0-0: Foul Ball, location: 2F
0-1: Foul Ball, location: 2F
0-2: Ball
1-2: Strikes out looking
Batting: RHB Bill Dawson 0-0: Ball
1-0: Called Strike
1-1: Ball
2-1: Foul Ball, location: 2F
2-2: Foul Ball, location: 2F
2-2: Ball
3-2: Foul Ball, location: 2F
3-2: Strikes out swinging
Batting: RHB Aaron Holt 0-0: Called Strike
0-1: Ball
1-1: Ball
2-1: Ball
3-1: Base on Balls
Batting: RHB Pedro Rodríguez 0-0: Ball
1-0: Ball
2-0: SINGLE (Line Drive, 34)
Aaron Holt to second
Pitching: LHP Charlie Conner
Pinch Hitting: LHB Tom Baker 0-0: Called Strike
0-1: Ball
1-1: Called Strike
1-2: Strikes out looking
Top of the 7th over - 0 run(s), 1 hit(s), 0 error(s), 2 left on base; Seattle 2 - Eau Claire 1
BOTTOM OF THE 7TH
Eau Claire Esquires batting - Pitching for Seattle Rainiers : RHP Leo MacIntosh
Now in LF: Tom Baker
Batting: LHB Edwin Ryan 0-0: Called Strike
0-1: Called Strike
0-2: Ball
1-2: Foul Ball, location: 2F
1-2: Ground out U3 (Groundball, 3S)
Batting: SHB Tim Johnson 0-0: Ball
1-0: Ball
2-0: Ball
3-0: Foul Ball, location: 2F
3-1: Foul Ball, location: 2F
3-2: Base on Balls
Batting: RHB Tony Quinn 0-0: Hit by Pitch
Tim Johnson to second
Batting: LHB Michael Cook 0-0: Hit by Pitch
Tim Johnson to third
Tony Quinn to second
Batting: LHB Dave Gray 0-0: Fly out, F6 (Popup, 56D)
Batting: SHB Víctor Serrano 0-0: Ball
1-0: Ball
2-0: Called Strike
2-1: Foul Ball, location: 2F
2-2: Strikes out swinging
Bottom of the 7th over - 0 run(s), 0 hit(s), 0 error(s), 3 left on base; Seattle 2 - Eau Claire 1
TOP OF THE 8TH
Seattle Rainiers batting - Pitching for Eau Claire Esquires : LHP Charlie Conner
Pitching: RHP Jason Elliott
Batting: SHB Glenn Vadnais 0-0: Ball
1-0: Ball
2-0: SINGLE (Line Drive, 78S)
Pinch Hitting: RHB José Gómez 0-0: Hit by Pitch
Glenn Vadnais to second
Batting: RHB Alejandro Ramos 0-0: Sac Bunt - play at first, batter OUT! 1-4
Glenn Vadnais to third
José Gómez to second
Batting: LHB Juan Viera 0-0: Intentional Walk
Pinch Hitting: RHB Vincent Fields 0-0: Swinging Strike
0-1: Swinging Strike
0-2: Strikes out looking
Pinch Hitting: RHB Trent Rasmussen 0-0: Ground out 5-3 (Groundball, 5S)
Top of the 8th over - 0 run(s), 1 hit(s), 0 error(s), 3 left on base; Seattle 2 - Eau Claire 1
BOTTOM OF THE 8TH
Eau Claire Esquires batting - Pitching for Seattle Rainiers : RHP Leo MacIntosh
Pitching: RHP Júlio Quintana
Now at 1B: Vincent Fields
Now at 2B: Elpidio Martinho
Now at SS: Tony Rivera
Batting: RHB Eric Fuller 0-0: Called Strike
0-1: Called Strike
0-2: Ball
1-2: Strikes out swinging
Batting: RHB Carlos Rea 0-0: Ball
1-0: Ball
2-0: Called Strike
2-1: Foul Ball, location: 2F
2-2: Ball
3-2: Base on Balls
Pinch Hitting: RHB Seiji Kouno 0-0: Bunted foul
0-1: Sac Bunt - play at first, batter OUT! 1-4
Carlos Rea to second
Batting: LHB Edwin Ryan 0-0: Ball
1-0: Fly out, F9 (Flyball, 89M)
Bottom of the 8th over - 0 run(s), 0 hit(s), 0 error(s), 1 left on base; Seattle 2 - Eau Claire 1
TOP OF THE 9TH
Seattle Rainiers batting - Pitching for Eau Claire Esquires : RHP Jason Elliott
Now at 2B: José Ruíz
Batting: RHB Aaron Holt 0-0: Swinging Strike
0-1: Foul Ball, location: 2F
0-2: Ball
1-2: Foul Ball, location: 2F
1-2: Ball
2-2: Strikes out swinging
Batting: RHB Pedro Rodríguez 0-0: Swinging Strike
0-1: Ball
1-1: Swinging Strike
1-2: Ball
2-2: Ball
3-2: Strikes out swinging
Batting: LHB Tom Baker 0-0: Swinging Strike
0-1: SINGLE (Flyball, 7S)
Batting: SHB Glenn Vadnais 0-0: Called Strike
0-1: DOUBLE (Flyball, 78D)
Tom Baker to third
Batting: RHB Elpidio Martinho 0-0: Called Strike
0-1: Ball
1-1: Foul Ball, location: 2F
1-2: Strikes out swinging
Top of the 9th over - 0 run(s), 2 hit(s), 0 error(s), 2 left on base; Seattle 2 - Eau Claire 1
BOTTOM OF THE 9TH
Eau Claire Esquires batting - Pitching for Seattle Rainiers : RHP Júlio Quintana
Pitching: RHP Jorge Chávez
Pinch Hitting: RHB Norm Francis 0-0: Called Strike
0-1: Ball
1-1: Fly out, F7 (Flyball, 7M)
Batting: RHB Tony Quinn 0-0: Ground out 4-3 (Groundball, 4)
Batting: LHB Michael Cook 0-0: Fly out, F7 (Flyball, 7S)
Bottom of the 9th over - 0 run(s), 0 hit(s), 0 error(s), 0 left on base; Seattle 2 - Eau Claire 1
This league is powered by Out of the Park Baseball, the baseball management simulation game for PC, Mac and Linux
Wednesday, December 2nd, 2015 - OOTP Baseball 16.8 Build 38